 Dungeon Crawl Stone Soup version 0.30-a0-862-g1aabd4f9c5 (webtiles) character file.

Game seed: 3702678429418868331

60 Racksonjoss101 the Firebug (level 3, 0/28 HPs)
             Began as a Deep Elf Fire Elementalist on Mar 10, 2023.
             Succumbed to an adder's poison
             ... on level 2 of the Dungeon.
             The game lasted 00:12:36 (2114 turns).

Racksonjoss101 the Firebug (DEFE)                   Turns: 2114, Time: 00:12:36

Health: 0/28       AC: 21    Str:  5    XL:     3   Next: 82%
Magic:  10/10      EV:  2    Int: 21    God:
Gold:   64         SH:  0    Dex: 15    Spells: 8/9 levels left

rFire   . . .      SeeInvis .    h - staff of cold
rCold   + . .      Faith    .    (no shield)
rNeg    . . .      Spirit   .    l - melded +2 robe {rF+}
rPois   +          Reflect  .    (helmet currently unavailable)
rElec   .          Rampage  .    (cloak currently unavailable)
rCorr   .          NoTele   +    (gloves currently unavailable)
Will    .....                    (boots currently unavailable)
Stlth   ++                       (no amulet)
HPRegen 0.24/turn                (no ring)
MPRegen 0.12/turn                (no ring)

@: lethally poisoned (0 -> -3), tree-form
A: stationary, stasis, torment immunity, boosted hp
a: no special abilities


You were on level 2 of the Dungeon.
You were a tree.
You visited 1 branch of the dungeon, and saw 2 of its levels.

You collected 64 gold pieces.

Inventory:

Hand Weapons
 e - a +0 mace
 g - a +0 sling
 k - a +0 club
 m - a +0 club
 o - a +0 club
 p - a +0 spear
 q - a +0 short sword
Missiles
 c - 42 stones (quivered)
 d - 9 poisoned darts
Armour
 a - a +0 robe
 l - a +2 robe of fire resistance (melded)
Magical Staves
 h - a staff of cold (weapon)
Wands
 f - a wand of quicksilver (6)
Scrolls
 i - a scroll of immolation {unknown}
 n - a scroll of fog {unknown}
Potions
 b - a potion of magic


   Skills:
 + Level 0.1 Fighting
 + Level 2.9 Dodging
 + Level 2.7 Stealth
 + Level 3.7 Spellcasting
 + Level 2.0 Conjurations
 + Level 4.1 Fire Magic


You had 8 spell levels left.
You knew the following spells:

 Your Spells              Type           Power      Damage    Failure   Level
a - Foxfire               Conj/Fire      64%        2x1d7     3%          1

Your spell library contained the following spells:

 Spells                   Type           Power      Damage    Failure   Level
 Scorch                   Fire           42%        2d7       3%          2
 Apportation              Tloc           6%         N/A       12%         1
 Momentum Strike          Conj/Tloc      16%        3d8       12%         2
 Inner Flame              Hex/Fire       12%        N/A       16%         3
 Blink                    Tloc           6%         N/A       19%         2
 Ensorcelled Hibernation  Hex/Ice        10%        N/A       19%         2
 Lesser Beckoning         Tloc           6%         N/A       19%         2
 Kindle Blastsparks       Fire/Tloc/Air  18%        2d11      22%         3
 Flame Wave               Conj/Fire      16%        2d7       34%         4
 Spider Form              Tmut/Pois      3%         N/A       36%         3
 Vhi's Electric Charge    Tloc/Air       6%         N/A       36%         3
 Anguish                  Hex/Necr       1%         N/A       77%         4
 Arcjolt                  Conj/Air       4%         1d14      92%         5
 Alistair's Intoxication  Tmut/Pois      2%         N/A       98%         5
 Maxwell's Capacitive Co  Air            1%         ∞         100%        8


Dungeon Overview and Level Annotations

Branches:
Dungeon (2/15)

Altars:


Message History

j - a potion of lignification
* * * LOW HITPOINT WARNING * * *
You feel sick.
You turn into a tree.
Your +2 robe of fire resistance melds into your body.
You feel less resistant to fire.
Your roots penetrate the ground.
* * * LOW HITPOINT WARNING * * *
You feel sick.
Unknown command.
Unknown command.
There is a lethal amount of poison in your body!
There is a lethal amount of poison in your body!
There is a lethal amount of poison in your body!
There is a lethal amount of poison in your body!
There is a lethal amount of poison in your body!
You cannot move.
You cannot move.
You cannot move.
You cannot move.
You cannot move.
You cannot move.
You cannot move.
You cannot move.
You cannot move.
You cannot move.
You cannot move.
You cannot move.
You cannot move.
You cannot move.
Magic courses through your body.
* * * LOW HITPOINT WARNING * * *
You feel sick.
Unknown command.
You cannot move.
You drop a +0 leather armour.
* * * LOW HITPOINT WARNING * * *
You feel sick.
Unknown command.
You drop a +0 sling.
You die...

##############
#.......<...♣#
#.##########.#
#####.# #.#
......# ##.#
#####.# #.#.#
# #.#
#.....###.. #
#.# #...###
### # #.. .. #
###


There were no monsters in sight!

Vanquished Creatures
  An adder (D:2)
  2 worms (D:2)
  5 ball pythons
  4 endoplasms
  A giant cockroach (D:2)
  2 goblins (D:2)
  5 hobgoblins
  4 jackals (D:2)
  4 kobolds
  3 quokkas
  7 bats
  A frilled lizard (D:1)
  A rat (D:1)
40 creatures vanquished.

Vanquished Creatures (others)
  112 foxfires
112 creatures vanquished.

Grand Total: 152 creatures vanquished

Notes
Turn   | Place    | Note
-------+----------+-------------------------------------------
     0 | D:1      | Racksonjoss101 the Deep Elf Fire Elementalist began the
                  | quest for the Orb.
     0 | D:1      | Reached XP level 1. HP: 10/10 MP: 6/6
   504 | D:1      | Reached XP level 2. HP: 15/15 MP: 4/8
   666 | D:1      | Found a faded altar of an unknown god.
  1452 | D:2      | Reached XP level 3. HP: 16/19 MP: 1/9
  1499 | D:2      | Reached skill level 4 in Fire Magic
  2112 | D:2      | HP: 1/28 [poisoned by an adder]
  2114 | D:2      | Succumbed to an adder's poison

Illustrated notes

Levels and vault maps discovered:
D:1:      dpeg_arrival_arbitrary_c, layout_basic,
          chequers_ecumenical_altar_twisty
D:2:      layout_loops_ring

Skill      XL: |  1  2  3 |
---------------+----------+-----
Fire Magic     | 4 |  4.1
Conjurations   | 2 |  2.0
Fighting       | |  0.1
Dodging        | |  2.9
Stealth        | |  2.7
Spellcasting   | |  3.7

Action                     || total
---------------------------++-------
  Melee: Mace              ||    13
         Punch             ||     2
         Staff             ||     2
   Cast: Foxfire           ||    84
    Use: Scroll            ||     3
         Potion            ||     2
 Armour: Robe              ||    32
  Dodge: Dodged            ||    56

Table legend: (Time is in decaauts)
 A = Elapsed time spent in this place.
 B = Non-inter-level travel time spent in this place.
 C = Inter-level travel time spent in this place.
 D = Time resting spent in this place.
 E = Time spent auto-exploring this place.
 F = Levels seen in this place.
 G = Mean time per level.
                   A        B        C        D        E       F      G
               +--------+--------+--------+--------+--------+-----+--------+
         Total |   2117 |   1909 |    208 |    282 |      0 |   2 | 1058.5 |
       Dungeon |   2117 |   1909 |    208 |    282 |      0 |   2 | 1058.5 |
               +--------+--------+--------+--------+--------+-----+--------+

Top non-repeatable levels by time:
     D:1: 1328 daAuts
     D:2: 789 daAuts
